 Dungeon Crawl Stone Soup version 0.20.1-1-g8b1a95d (webtiles) character file.

2209 Sasuke01 the Skirmisher (level 9, 0/70 HPs)
             Began as a Demonspawn Gladiator on Sept 7, 2017.
             Was a Follower of Makhleb.
             Slain by a sixfirhy (11 damage)
             ... summoned by an orc sorcerer
             ... on level 5 of the Dungeon on Sept 10, 2017.
             The game lasted 01:10:54 (8084 turns).

Sasuke01 the Skirmisher (Demonspawn Gladiator)      Turns: 8084, Time: 01:11:01

Health: 0/70       AC:  9    Str: 24    XL:     9   Next: 13%
Magic:  13/13      EV: 15    Int: 10    God:    Makhleb [*.....]
Gold:   349        SH:  0    Dex: 15    Spells: 8/8 levels left

rFire    . . .     SeeInvis .   a - +0 war axe
rCold    . . .     Gourm    .   (no shield)
rNeg     . . .     Faith    .   k - +1 leather armour of Fynlif {Str+7} (curse)
rPois    .         Spirit   .   c - +0 helmet
rElec    .         Reflect  .   (no cloak)
rCorr    .         Harm     .   (no gloves)
MR       .....                  y - +0 pair of boots
Stlth    +.........             l - amulet of rage
Regen    0.3/turn               z - ring of flight
MPRegen  0.2/turn               (no ring)

@: no status effects
A: talons 1, molten scales 1, demonic guardian 1, spiny 1
a: Renounce Religion, Evoke Berserk Rage, Evoke Flight


You were on level 5 of the Dungeon.
You worshipped Makhleb.
Makhleb was aware of your devotion.
You were hungry.

You visited 2 branches of the dungeon, and saw 7 of its levels.
You visited the Abyss 1 time.

You collected 439 gold pieces.
You spent 90 gold pieces at shops.

Inventory:

Hand Weapons
 a - a +0 war axe (weapon)
 h - a +0 whip
 G - the cursed +1 mace "Ysuteni" {crush, rElec Int-4 SInv Stlth+, unknown}
   (You found it on level 1 of the Abyss)

   It inflicts extra damage upon your enemies.
   It affects your intelligence (-4).
   It insulates you from electricity.
   It lets you see invisible.
   It makes you more stealthy.
   It has a curse placed upon it.
Missiles
 d - 3 throwing nets (quivered)
Armour
 c - a +0 helmet (worn)
 e - a +2 scale mail of cold resistance
 k - the cursed +1 leather armour of Fynlif (worn) {Str+7}
   (You found it on level 6 of the Dungeon)

   It affects your strength (+7).
   It has a curse placed upon it.
 y - a +0 pair of boots (worn)
Jewellery
 l - an amulet of rage (around neck)
 v - an uncursed amulet of guardian spirit
 z - a ring of flight (left hand)
Wands
 A - a wand of random effects (31/48)
 C - a wand of random effects (19/48)
Scrolls
 b - a scroll of recharging {unknown}
 f - a scroll of random uselessness {unknown}
 g - a scroll of blinking {unknown}
 i - a scroll of noise {unknown}
 j - a scroll of amnesia {unknown}
 m - 6 scrolls of identify {unknown}
 p - 3 scrolls of fog {unknown}
 r - 5 scrolls of remove curse {unknown}
 t - 5 scrolls of teleportation {unknown}
 w - a scroll of enchant armour {unknown}
 E - a scroll of enchant weapon {unknown}
Potions
 n - a potion of heal wounds {unknown}
 o - a potion of haste
 s - 2 potions of flight
 x - 2 potions of degeneration {unknown}
 B - a potion of curing
 D - a potion of ambrosia {unknown}
Comestibles
 q - 4 royal jellies
 u - 4 meat rations
 F - a bread ration


   Skills:
 + Level 6.3 Fighting
 + Level 6.0 Axes
 - Level 1.8 Throwing
 - Level 4.4 Armour
 + Level 5.6 Dodging
 + Level 5.5 Invocations


You had 8 spell levels left.
You didn't know any spells.

Dungeon Overview and Level Annotations

Branches:
Dungeon (6/15)             Temple (1/1) D:5

Altars:
Ashenzari
Dithmenos
Elyvilon
Fedhas
Gozag
Kikubaaqudgha
Makhleb
Nemelex Xobeh
Qazlal
Trog
Uskayaw
Vehumet
Xom
Yredelemnul
Zin
The Shining One

Annotations:
D:5 Edmund


Innate Abilities, Weirdness & Mutations

You have sharp toenails.
You are partially covered in molten scales. (AC +2)
A weak demonic guardian rushes to your aid.
You are partially covered in sharp spines.


Message History

Edmund hits you with a flail of distortion.
Space bends around you.
* * * LOW HITPOINT WARNING * * *
The orc sorcerer casts a spell.
The orc sorcerer mumbles some strange words.
Edmund completely misses you. The sixfirhy completely misses you.
The sixfirhy hits you but does no damage.
The sixfirhy barely misses you.
You see here a mace.
The sixfirhy barely misses your quasit.
The soul eater draws from the surrounding life force!
* * * LOW HITPOINT WARNING * * *
The sixfirhy hits your quasit. The sixfirhy shocks your quasit!
The sixfirhy hits your quasit.
Your quasit dies!
The sixfirhy is struck by your spines. The sixfirhy hits you.
* * * LOW HITPOINT WARNING * * *
The sixfirhy shocks you!
You die...

#### ######## ...#
######### ######.......
[.(#
#.....(.###......#######
...#
#.......##......@.o....#
...#
#.......##......3#...###
...###.......##.....).#3).#
...'.'.......##.......#.o.#
...###...[...#...3###.#...#
....######'###..@.#
#.#..... ....# #.# #....#
#....####
....######.###....# ###..#
...[[.......>.....# ##.#
###########.#.....# .# #
#....#### # ##.#.# # #.#.#
# #...#


You could see a soul eater, Edmund, a sixfirhy and an orc sorcerer.

Vanquished Creatures
  A thrashing horror (Abyss:2)
  Menkaure (D:5)
  Duvessa (D:5)
  A phantom (D:4)
  3 scorpions
  Dowan (D:5)
  5 wights (D:6)
  A centaur zombie (D:6)
  A jelly (D:4)
  A hound (D:4)
  A centaur skeleton (D:6)
  2 orc priests
  Crazy Yiuf (D:2)
  5 orc wizards
  3 worker ants (D:4)
  Terence (D:3)
  2 iguanas
  2 hound skeletons
  A howler monkey zombie (D:6)
  10 adders
  A shadow imp (D:6)
  An ooze (D:2)
  An adder skeleton (D:4)
  An adder zombie (D:6)
  2 worms
  2 dart slugs
  2 leopard geckos
  19 orcs
  4 ball pythons
  11 bats
  3 giant cockroaches
  14 goblins
  15 hobgoblins
  7 jackals
  8 kobolds
  3 quokkas
  5 frilled lizards
  A jackal skeleton (D:4)
  A leopard gecko skeleton (D:4)
  A quokka skeleton (D:4)
  3 rats
  A butterfly (D:6)
150 creatures vanquished.

Vanquished Creatures (collateral kills)
  2 bullfrogs (D:6)
  An orc priest (D:2)
  An adder (D:5)
  3 orcs
  A jackal skeleton (D:4)
8 creatures vanquished.

Vanquished Creatures (others)
  An orc (D:5)
1 creature vanquished.

Grand Total: 159 creatures vanquished

Notes
Turn   | Place    | Note
-------+----------+-------------------------------------------
     0 | D:1      | Sasuke01 the Demonspawn Gladiator began the quest for the Orb.
     0 | D:1      | Reached XP level 1. HP: 16/16 MP: 1/1
   585 | D:1      | Gained mutation: You are partially covered in molten scales. (AC +2) [demonic ancestry]
   585 | D:1      | Reached XP level 2. HP: 19/22 MP: 2/2
  1450 | D:1      | Gained mutation: A weak demonic guardian rushes to your aid. [demonic ancestry]
  1450 | D:1      | Reached XP level 3. HP: 28/28 MP: 3/3
  1762 | D:2      | Reached skill level 1 in Armour
  1826 | D:2      | Gained mutation: You are partially covered in sharp spines. [demonic ancestry]
  1826 | D:2      | Reached XP level 4. HP: 23/34 MP: 4/4
  2736 | D:2      | Found a runed door.
  2800 | D:2      | Noticed Crazy Yiuf
  2821 | D:2      | Killed Crazy Yiuf
  2821 | D:2      | Reached XP level 5. HP: 30/41 MP: 5/5
  3013 | D:2      | Found a glowing golden altar of the Shining One.
  3299 | D:3      | Found a white marble altar of Elyvilon.
  3356 | D:3      | Noticed Terence
  3367 | D:3      | Killed Terence
  3613 | D:3      | Reached XP level 6. HP: 37/48 MP: 6/6
  4792 | D:4      | Reached XP level 7. HP: 53/54 MP: 7/7
  5082 | D:5      | Entered Level 5 of the Dungeon
  5384 | D:5      | Found a staircase to the Ecumenical Temple.
  5388 | Temple   | Entered the Ecumenical Temple
  5650 | Temple   | Became a worshipper of Makhleb the Destroyer
  5765 | D:5      | Reached skill level 1 in Invocations
  5786 | D:5      | Noticed Dowan
  5788 | D:5      | Noticed Duvessa
  5799 | D:5      | Killed Dowan
  5806 | D:5      | Killed Duvessa
  5932 | D:5      | Noticed Menkaure
  6091 | D:6      | Reached skill level 5 in Fighting
  6096 | D:6      | Got a jet-encrusted leather armour
  6109 | D:6      | Identified the cursed +1 leather armour of Fynlif {Str+7} (You found it on level 6 of the Dungeon)
  6221 | D:6      | Reached XP level 8. HP: 51/62 MP: 9/9
  6318 | D:6      | Found a shimmering altar of Xom.
  6476 | D:6      | Reached * piety under Makhleb
  6476 | D:6      | Reached skill level 5 in Axes
  6761 | D:6      | Found a bloodstained altar of Trog.
  6913 | D:6      | Found a glowing silver altar of Zin.
  6914 | D:6      | Found Zin's Purification Station.
  6922 | D:6      | Bought a potion of curing for 90 gold pieces
  7665 | D:5      | Killed Menkaure
  7665 | D:5      | Reached skill level 5 in Dodging
  7976 | D:5      | Noticed Edmund
  7979 | D:5      | Cast into level 1 of the Abyss (Edmund)
  8026 | Abyss:1  | Got a dazzling mace
  8033 | Abyss:2  | Noticed a thrashing horror
  8044 | Abyss:2  | Killed a thrashing horror
  8044 | Abyss:2  | Reached skill level 5 in Invocations
  8044 | Abyss:2  | Gained mutation: You have sharp toenails. [demonic ancestry]
  8044 | Abyss:2  | Reached XP level 9. HP: 32/70 MP: 11/13
  8070 | Abyss:2  | Noticed an orc sorcerer
  8075 | D:5      | Escaped the Abyss
  8078 | D:5      | Noticed a soul eater
  8079 | D:5      | Noticed a sixfirhy
  8084 | D:5      | Slain by a sixfirhy

Skill      XL: |  1  2  3  4  5  6  7  8 |
---------------+-------------------------+-----
Dodging        | 3 4 5 |  5.6
Axes           | 3 4 6 |  6.0
Armour         | 1 2 3 4 |  4.4
Fighting       | 3 4 5 6 |  6.3
Invocations    | 2 5 |  5.5
Throwing       | |  1.8

Action                   |  1- 3 |  4- 6 |  7- 9 || total
-------------------------+-------+-------+-------++-------
Melee: War axe           |    85 |   166 |   152 ||   403
 Abil: Evoke Berserk Rag |       |     1 |     1 ||     2
Evoke: Wand              |       |       |     1 ||     1
  Use: Potion            |       |     4 |       ||     4
 Stab: Distracted        |       |     1 |     1 ||     2
       Sleeping          |       |       |     1 ||     1
  Eat: Chunk             |     2 |     7 |    10 ||    19
       Bread ration      |     1 |       |       ||     1
Armor: Leather armour    |    13 |       |    17 ||    30
       Scale mail        |    45 |    85 |    30 ||   160
Dodge: Dodged            |    64 |    90 |   126 ||   280
